 Dungeon Crawl Stone Soup version 0.24.0-28-g17ded55e90 (webtiles) character file.

Game seed: 6057438291962997291, levelgen mode: deterministic

18 Delamore the Chopper (level 2, -2/26 HPs)
             Began as a Hill Orc Fighter on Nov 13, 2019.
             Slain by a hobgoblin
             ... wielding a +0 club
              (3 damage)
             ... on level 1 of the Dungeon.
             The game lasted 00:00:41 (416 turns).

Delamore the Chopper (Hill Orc Fighter)              Turns: 416, Time: 00:00:42

Health: -2/26      AC:  0    Str: 18    XL:     2   Next: 70%
Magic:  2/2        EV:  8    Int:  8    God:
Gold:   44         SH:  9    Dex: 10    Spells: 1/1 levels left

rFire    . . .     SeeInvis .   a - +0 war axe
rCold    . . .     Gourm    .   c - +0 shield
rNeg     . . .     Faith    .   l - -2 robe (curse)
rPois    .         Spirit   .   (no helmet)
rElec    .         Reflect  .   (no cloak)
rCorr    .         Harm     .   (no gloves)
MR       .....                  (no boots)
Stlth    +.........             (no amulet)
HPRegen  0.08/turn              (no ring)
MPRegen  0.08/turn              (no ring)

@: no status effects
A: no striking features
a: no special abilities


You were on level 1 of the Dungeon.
You were not hungry.

You visited 1 branch of the dungeon, and saw 1 of its levels.

You collected 44 gold pieces.

Inventory:

Hand Weapons
 a - a +0 war axe (weapon)
Armour
 b - a +0 scale mail
 c - a +0 shield (worn)
 l - a cursed -2 robe (worn)
Scrolls
 h - a scroll of identify {unknown}
 j - a scroll of remove curse {unknown}
 m - a scroll of teleportation {unknown}
 n - a scroll of amnesia {unknown}
Potions
 d - a potion of might
 e - a potion of lignification {unknown}
 g - a potion of haste {unknown}
 i - a potion of invisibility {unknown}
 k - a potion of agility {unknown}
Comestibles
 f - a ration


   Skills:
 - Level 3.6 Fighting
 + Level 4.3 Axes
 - Level 3.2 Armour
 - Level 3.2 Shields


You had one spell level left.
You didn't know any spells.
Your spell library was empty.

Dungeon Overview and Level Annotations

Branches:
Dungeon (1/15)

Altars:


Message History

You closely miss the leopard gecko. The hobgoblin hits you with a +0 club.
* * * LOW HITPOINT WARNING * * *
You block the leopard gecko's attack.
You barely miss the hobgoblin.
The hobgoblin is moderately wounded.
You barely miss the leopard gecko.
The hobgoblin hits you but does no damage.
The leopard gecko bites you.
* * * LOW HITPOINT WARNING * * *
You block the leopard gecko's attack. The hobgoblin barely misses you.
You barely miss the hobgoblin.
The hobgoblin is moderately wounded.
You closely miss the leopard gecko. The leopard gecko barely misses you.
The hobgoblin hits you with a +0 club.
* * * LOW HITPOINT WARNING * * *
You closely miss the hobgoblin.
The hobgoblin is moderately wounded.
You hit the leopard gecko but do no damage.
You block the leopard gecko's attack. The hobgoblin hits you with a +0 club.
You die...

##.######### #.......... #.# ..
#..⌠.....⌠. ## ##+## ### .##
#.......... .###...## #.. ..
#.......... .##..>..## #.###.#
+.....<.... .#.......## #.#.#.#
##..........
.....)....###.....##.##..........
..........'.....l....##..⌠.....⌠.
..........###...@....##..........
.#.......## ###.g######..........
.##.....## ##.# ###########
####..)## #.# ### ####### ##+##
.#. #.# #.....# # #. #.#####...##
#. #.........# ########.## ##(##


You could see a leopard gecko and a hobgoblin.

Vanquished Creatures
  A dart slug (D:1)
  2 bats (D:1)
  A giant cockroach (D:1)
  4 goblins (D:1)
  A hobgoblin (D:1)
  A frilled lizard (D:1)
  4 kobolds (D:1)
  2 rats (D:1)
16 creatures vanquished.

Notes
Turn   | Place    | Note
-------+----------+-------------------------------------------
     0 | D:1      | Delamore the Hill Orc Fighter began the quest for the Orb.
     0 | D:1      | Reached XP level 1. HP: 19/19 MP: 1/1
   188 | D:1      | Reached skill level 3 in Axes
   222 | D:1      | Reached XP level 2. HP: 22/26 MP: 2/2
   308 | D:1      | Reached skill level 4 in Axes
   415 | D:1      | HP: 1/26 [hobgoblin/+0 club (2)]
   416 | D:1      | Slain by a hobgoblin

Levels and vault maps discovered:
D:1:      psy_arrival_statuary, layout_loops_corners

Skill      XL: |  1  2 |
---------------+-------+-----
Axes           | 3 4 |  4.3
Fighting       | |  3.6
Armour         | |  3.2
Shields        | |  3.2

Action                   || total
-------------------------++-------
Melee: War axe           ||    44
Armor: Scale mail        ||     9
Dodge: Dodged            ||    12
Block: Shield            ||    25
